 Seeded DCSS version 0.29.1-12-g30fa7ad0bf (webtiles) character file.

Game seed: 9845822215292249863 (custom seed)

242 hikkokomori the Conjurer (level 6, -1/36 HPs)
             Began as an Octopode Conjurer on Jan 7, 2023.
             Killed by divine providence
             ... invoked by an orc priest
              (17 damage)
             ... on level 4 of the Dungeon.
             The game lasted 00:04:25 (3699 turns).

hikkokomori the Conjurer (Octopode Conjurer)        Turns: 3699, Time: 00:04:26

Health: -1/36      AC:  3    Str:  3    XL:     6   Next: 9%
Magic:  1/12       EV: 27    Int: 22    God:
Gold:   158        SH:  3    Dex:  8    Spells: 5/13 levels left

rFire   + . .      SeeInvis .   j - staff of conjuration
rCold   + . .      Faith    .   m - +0 buckler {rF+}
rNeg    . . .      Spirit   .   d - +2 hat "Wupsuc" {rElec Regen+ Str-4 Dex-2}
rPois   .          Reflect  .   h - amulet of the acrobat
rElec   +          Harm     .   i - ring of willpower
rCorr   +          Rampage  .   k - ring "Jagoc" {rElec rC+ rCorr}
Will    +....                   (no ring)
Stlth   +++.......              (no ring)
HPRegen 0.92/turn               (no ring)
MPRegen 0.13/turn               (no ring)
                                (no ring)
                                (no ring)

@: acrobatic
A: almost no armour, amphibious, 8 rings, camouflage 1, gelatinous body 1,
(nimble swimmer 1), tentacles
a: no special abilities


You were on level 4 of the Dungeon.
You visited 1 branch of the dungeon, and saw 4 of its levels.

You collected 158 gold pieces.

Inventory:

Armour
 d - the +2 hat "Wupsuc" (worn) {rElec Regen+ Str-4 Dex-2}
   (You acquired it on level 1 of the Dungeon)

   Str:       It affects your strength (-4).
   Dex:       It affects your dexterity (-2).
   rElec:     It insulates you from electricity.
   Regen:     It increases your rate of health regeneration.
 m - a +0 buckler of fire resistance (worn)
Magical Staves
 j - a staff of conjuration (weapon)
Jewellery
 h - an amulet of the acrobat (around mantle)
 i - a ring of willpower (left tentacle)
 k - the ring "Jagoc" (right tentacle) {rElec rC+ rCorr}
   (You acquired it on level 1 of the Dungeon)

   [ring of protection from cold]

   rC:        It protects you from cold.
   rElec:     It insulates you from electricity.
   rCorr:     It protects you from acid and corrosion.
Scrolls
 c - 2 scrolls of identify {unknown}
 l - a scroll of blinking {unknown}
 n - 2 scrolls of poison {unknown}
 p - a scroll of fear {unknown}
 q - 2 scrolls of butterflies {unknown}
 s - 2 scrolls of enchant weapon {unknown}
 t - a scroll of noise {unknown}
Potions
 a - 2 potions of magic
 b - 2 potions of brilliance {unknown}
 e - 3 potions of heal wounds {unknown}
 f - a potion of curing {unknown}
 g - a potion of ambrosia {unknown}
 o - a potion of lignification {unknown}
 r - a potion of might {unknown}


   Skills:
 - Level 2.2 Dodging
 - Level 3.1 Stealth
 + Level 0.8 Shields
 - Level 4.0 Spellcasting
 + Level 5.6 Conjurations


You had 5 spell levels left.
You knew the following spells:

 Your Spells              Type           Power      Damage    Failure   Level
a - Magic Dart            Conj           100%       1d8       1%          1
b - Searing Ray           Conj           86%        2d7       2%          2
c - Iskenderun's Battles  Conj           43%        2d9       38%         5

Your spell library contained the following spells:

 Spells                   Type           Power      Damage    Failure   Level
 Dazzling Flash           Conj/Hex       50%        N/A       14%         3
 Gell's Gravitas          Tloc           4%         N/A       41%         3
 Lesser Beckoning         Tloc           4%         N/A       41%         3
 Teleport Other           Tloc           4%         N/A       41%         3
 Fulminant Prism          Conj/Hex       12%        3d9       43%         4
 Iskenderun's Mystic Bla  Conj/Tloc      25%        2d7       43%         4
 Fireball                 Conj/Fire      12%        3d7       80%         5
 Conjure Ball Lightning   Conj/Air       12%        3x3d6     100%        6
 Orb of Destruction       Conj           21%        9d8       100%        7


Dungeon Overview and Level Annotations

Branches:
Dungeon (4/15)
 Temple: D:4-7

Altars:


Innate Abilities, Weirdness & Mutations

You cannot wear most types of armour.
You are amphibious.
You can wear up to eight rings at the same time.
Your skin changes colour to match your surroundings (Stealth+).
Your rubbery body absorbs attacks. (AC +1, EV +1)
((You are camouflaged when in or above water. (Stealth+)))
You have tentacles for arms and can constrict up to eight enemies at once.


Message History

The searing ray hits the orc!
You kill the orc!
The orc wizard hits you with a +0 dagger.
The orc priest mumbles some strange prayers to Beogh against you.
Beogh smites you!
You hear a bark!
The searing ray hits the orc wizard.
You kill the orc wizard!
The searing ray hits the orc priest.
The orc priest is almost dead.
The searing ray hits the endoplasm!
You kill the endoplasm!
A hound comes into view.
The orc completely misses you.
The orc priest mumbles some strange prayers to Beogh against you.
You resist with some effort.
You have reached level 6!
The searing ray hits the orc priest.
The orc priest is almost dead.
You finish channelling your searing ray.
The orc closely misses you.
Unknown command.
Unknown command.
Casting: Searing Ray (safe; 2% risk of failure)
Confirm with . or Enter, or press ? or * to list all spells.
Aiming: Searing Ray (safe; 2% risk of failure)
Press: ? - help, Shift-Dir - straight line, f/p - orc priest
Aim: an orc priest, wielding a +0 hand axe and wearing a +0 ring mail (almost dead, 84% to hit)
You feel a surge of power!
The searing ray hits the hound.
The hound is moderately wounded.
The searing ray misses the orc priest. (Press . to maintain the ray.)
The hound bites you. The orc barely misses you. The hound bites you.
The searing ray hits the hound!
The hound is almost dead.
The searing ray misses the orc priest.
The hound misses you. You block the orc's attack.
The orc priest calls down the wrath of Beogh upon you.
Beogh smites you!
You die...

#########
#.......#
#@##########
.#####ho........
.......o.......#
..........##.....
#...#####)##.#.r.
#.. #....# ## #.
#.#..# #
...#/.o.#
.o...#...)o..


You could see a hound, an orc priest and an orc.

Vanquished Creatures
  An iguana (D:3)
  Natasha (thrice) (D:3)
  An orc wizard (D:4)
  4 adders
  A gnoll (D:1)
  A worm (D:2)
  2 dart slugs (D:1)
  5 orcs
  7 endoplasms
  3 giant cockroaches
  2 goblins (D:1)
  4 hobgoblins
  5 kobolds
  3 quokkas
  5 ball pythons
  9 bats
  4 frilled lizards
  5 rats
65 creatures vanquished.

Notes
Turn   | Place    | Note
-------+----------+-------------------------------------------
     0 | D:1      | hikkokomori the Octopode Conjurer began the quest for the
                  | Orb.
     0 | D:1      | Reached XP level 1. HP: 11/11 MP: 3/3
   112 | D:1      | Reached XP level 2. HP: 3/17 MP: 0/5
   844 | D:1      | Reached XP level 3. HP: 21/21 MP: 2/6
  1338 | D:1      | Learned a level 2 spell: Searing Ray
  1338 | D:1      | Identified 3 scrolls of acquirement
  1338 | D:1      | Acquired the ring "Jagoc" {rElec rC+ rCorr}
  1339 | D:1      | Acquired the +2 hat "Wupsuc" {rElec Regen+ Str-4 Dex-2}
  1340 | D:1      | Acquired a book of the Spheres
  1452 | D:2      | Found a faded altar of an unknown god.
  1698 | D:2      | Reached XP level 4. HP: 27/27 MP: 6/8
  1730 | D:2      | Learned a level 4 spell: Fulminant Prism
  2324 | D:3      | Found the +4 robe of Augmentation {Str+4 Int+4 Dex+4}
  2417 | D:3      | Noticed Natasha
  2427 | D:3      | Killed Natasha
  2554 | D:3      | Reached skill level 5 in Conjurations
  2636 | D:3      | Noticed Natasha
  2640 | D:3      | Killed Natasha
  2641 | D:3      | Reached XP level 5. HP: 27/31 MP: 5/10
  2684 | D:3      | Noticed Natasha
  2688 | D:3      | Killed Natasha
  3657 | D:3      | Learned a level 5 spell: Iskenderun's Battlesphere
  3697 | D:4      | Reached XP level 6. HP: 17/36 MP: 4/12
  3699 | D:4      | Killed from afar by an orc priest

Illustrated notes

Levels and vault maps discovered:
D:1:      giann_bridges, layout_basic
D:2:      layout_loops_cross, ebering_ecumenical_altar_hall
D:3:      layout_basic, uniq_natasha
D:4:      layout_loops_ring, lemuel_temple_firewalk_a, uniq_pikel,
          uniq_eustachio, uniq_menkaure

Skill      XL: |  1  2  3  4  5 |
---------------+----------------+-----
Stealth        | 3 |  3.1
Spellcasting   | 3 4 |  4.0
Conjurations   | 5 |  5.6
Dodging        | |  2.2
Shields        | |  0.8

Action                   |  1- 3 |  4- 6 || total
-------------------------+-------+-------++-------
Melee: Unarmed           |     7 |       ||     7
       Constrict         |     1 |       ||     1
       Staff             |       |     3 ||     3
 Cast: Magic Dart        |    52 |    92 ||   144
       Searing Ray       |       |     2 ||     2
  Use: Scroll            |     3 |     3 ||     6
Armor: Skin              |       |     4 ||     4
Dodge: Dodged            |     7 |    14 ||    21
Block: Buckler           |       |     2 ||     2
